 Dungeon Crawl Stone Soup version 0.25-a0-474-ga8a2ee3 (webtiles) character file.

Game seed: 16506113369893943955, levelgen mode: deterministic

56185 15 the Destroyer (level 14, 0/90 HPs)
             Began as a Tengu Fire Elementalist on Feb 5, 2020.
             Was a High Priest of Vehumet.
             Slain by a two-headed ogre
             ... wielding a +0 giant spiked club
              (12 damage)
             ... while paralysed by an ogre mage
             ... on level 2 of the Orcish Mines on Feb 6, 2020.
             The game lasted 03:31:00 (23148 turns).

15 the Destroyer (Tengu Fire Elementalist)         Turns: 23148, Time: 03:31:03

Health: 0/90       AC: 12    Str: 12    XL:     14   Next: 80%
Magic:  5/31       EV:  2    Int: 23    God:    Vehumet [*****.]
Gold:   780        SH:  0    Dex: 14    Spells: 5/38 levels left

rFire    + . .     SeeInvis +   v - +1 dagger of Reapportionment {drain, Int+3}
rCold    + + .     Gourm    .   (no shield)
rNeg     . . .     Faith    .   u - +2 robe {rC+ rF+}
rPois    .         Spirit   .   K - +3 crown of Dyrovepreva {rElec Int+2 SInv}
rElec    +         Reflect  .   g - +0 cloak
rCorr    +         Harm     .   J - +0 pair of gloves
MR       +....     Clarity  +   (boots unavailable)
Stlth    +++.......             y - amulet of magic regeneration
HPRegen  0.25/turn              P - ring of resist corrosion
MPRegen  0.47/turn              Q - ring of protection from cold

@: paralysed, flying quickly and evasively, quick
A: beak, talons 3, yellow scales 1, clarity, robust 2, evolution 1, able to fly
a: Stop Flying, Renounce Religion


You were on level 2 of the Orcish Mines.
You worshipped Vehumet.
Vehumet was extremely pleased with you.
You were very hungry.

You visited 3 branches of the dungeon, and saw 18 of its levels.
You also visited: Ice Cave.

You collected 1484 gold pieces.
You spent 704 gold pieces at shops.

Inventory:

Hand Weapons
 d - a +1 vorpal morningstar
 l - a +3 dagger of venom
 r - the +1 scimitar of Execution {vamp, rElec rN+ Str+2}
   (You took it off an orc warrior on level 1 of the Orcish Mines)

   It inflicts no extra harm, but heals its wielder when it wounds a living foe.
   It affects your strength (+2).
   It insulates you from electricity.
   It protects you from negative energy.
 s - a +4 flail of holy wrath
 v - the +1 dagger of Reapportionment (weapon) {drain, Int+3}
   (You found it on level 5 of the Dungeon)

   A truly terrible weapon, it drains the life of those it strikes.
   It affects your intelligence (+3).
 N - a +1 arbalest of freezing
 O - a +0 longbow of freezing
 R - a +2 flail of protection
Armour
 g - a +0 cloak (worn)
 p - a +2 shield
 u - a +2 robe of resistance (worn)
 D - a +3 leather armour of cold resistance
 J - a +0 pair of gloves (worn)
 K - the +3 crown of Dyrovepreva (worn) {rElec Int+2 SInv}
   (You found it on level 11 of the Dungeon)

   It affects your intelligence (+2).
   It insulates you from electricity.
   It lets you see invisible.
   If you remove this armour, your AC will fall 3 points (12 -> 9)
Magical Staves
 z - an uncursed staff of cold
 I - an uncursed staff of earth
Jewellery
 y - an amulet of magic regeneration (around neck)
 L - an uncursed ring of see invisible
 P - a ring of resist corrosion (left hand)
 Q - a ring of protection from cold (right hand)
Wands
 f - a wand of flame (15)
 n - a wand of paralysis (5)
 x - a wand of enslavement (21)
 A - a wand of disintegration (9)
 F - a wand of polymorph (12)
Scrolls
 a - a scroll of enchant armour
 h - 3 scrolls of magic mapping
 k - 2 scrolls of enchant weapon
 m - a scroll of teleportation
 t - a scroll of silence {unknown}
 w - a scroll of identify
 B - 3 scrolls of summoning
 G - 2 scrolls of fog
 M - 6 scrolls of remove curse
Potions
 j - 2 potions of haste
 o - 2 potions of brilliance
 q - 6 potions of curing
 C - 2 potions of lignification
 E - 2 potions of mutation
Miscellaneous
 b - a fan of gales
 e - a sack of spiders
Comestibles
 c - 25 rations


   Skills:
 * Level 3.7 Fighting
 + Level 3.5 Short Blades
 * Level 9.3 Armour
 * Level 9.8 Dodging
 + Level 4.0 Stealth
 * Level 12.6 Spellcasting
 * Level 14.5 Conjurations
 + Level 1.7 Hexes
 + Level 0.2 Translocations
 + Level 9.3 Fire Magic
 + Level 9.3 Air Magic
 + Level 2.0 Poison Magic
 * Level 5.9 Evocations


You had 5 spell levels left.
You knew the following spells:

 Your Spells              Type           Power        Failure   Level  Hunger
a - Foxfire               Conj/Fire      ####         1%          1    None
b - Conjure Flame         Conj/Fire      ######..     1%          3    None
c - Sticky Flame          Conj/Fire      ######..     1%          4    None
d - Fireball              Conj/Fire      ######....   1%          5    ###....
e - Shock                 Conj/Air       ####         1%          1    None
f - Mephitic Cloud        Conj/Pois/Air  ######..     1%          3    None
g - Blink                 Tloc           N/A          6%          2    None
h - Slow                  Hex            ###.....     3%          2    None
i - Freeze                Ice            ##..         1%          1    None
j - Searing Ray           Conj           ######       0%          2    None
k - Airstrike             Air            ######....   1%          4    None
m - Beastly Appendage     Tmut           ##....       4%          1    None
n - Fulminant Prism       Conj/Hex       ######....   1%          4    None

Your spell library contained the following spells:

 Spells                   Type           Power        Failure   Level  Hunger
 Lightning Bolt           Conj/Air       ######....   1%          5    ###....
 Magic Dart               Conj           ####         0%          1    None
 Inner Flame              Hex/Fire       #####...     1%          3    None
 Bolt of Magma            Conj/Fire/Erth ######....   1%          5    ###....
 Corona                   Hex            ###....      2%          1    None
 Sticks to Snakes         Tmut           ##......     6%          2    None
 Call Imp                 Summ           ##......     7%          2    None
 Portal Projectile        Hex/Tloc       ###...       9%          3    None
 Spider Form              Tmut/Pois      ###.......   9%          3    None
 Cause Fear               Hex            ###.......   22%         4    None
 Leda's Liquefaction      Hex/Erth       ###.......   30%         4    None
 Ice Form                 Ice/Tmut       ##......     38%         4    None
 Blade Hands              Tmut           ##........   75%         5    ###....
 Iron Shot                Conj/Erth      #####.....   10%         6    #####..
 Statue Form              Tmut/Erth      ##.......    100%        6    #####..
 Shatter                  Erth           ##........   100%        9    #######


Dungeon Overview and Level Annotations

Branches:
Dungeon (15/15)            Temple (1/1) D:6            Lair (0/6) D:9
    Orc (2/2) D:12            Elf (0/3) Orc:2        Vaults (0/5) D:14
 Depths (0/5) D:15          IceCv (visited)

Altars:
Ashenzari
Cheibriados
Dithmenos
Elyvilon
Fedhas
Gozag
Hepliaklqana
Kikubaaqudgha
Makhleb
Nemelex Xobeh
Okawaru
Qazlal
Ru
Sif Muna
Trog
Uskayaw
Vehumet
Wu Jian
Xom
Yredelemnul
Zin
The Shining One
Beogh

Shops:
D:9 [   D:11 }   D:12 =

Annotations:
D:4 1 runed translucent door, Foxy's ghost, amateur FoAK
D:12 3 runed translucent doors


Innate Abilities, Weirdness & Mutations

You have a beak for a mouth.
You have claws for feet.
You can fly continuously.
You are partially covered in yellow scales. (AC +2)
You possess an exceptional clarity of mind.
You are very robust. (+20% HP)
You evolve.


Message History

The ogre mage seems less confused.
The ogre mage points at the two-headed ogre and mumbles some strange words.
The two-headed ogre seems to speed up.
The ogre mage points at you and mumbles some strange words.
You suddenly lose the ability to move!
The two-headed ogre hits you with a +0 giant club! x2
The two-headed ogre hits you with a +0 giant club.
The two-headed ogre hits you with a +0 giant club!!
The ogre barely misses something.
The ogre mage hits you from afar with a +0 spear.
The two-headed ogre hits you but does no damage.
The two-headed ogre hits you with a +0 giant club.
The ogre mage hits you but does no damage.
The two-headed ogre hits you with a +0 giant club!
* * * LOW HITPOINT WARNING * * *
The two-headed ogre hits you with a +0 giant club!
* * * LOW HITPOINT WARNING * * *
The ogre grins madly.
The two-headed ogre hits you with a +0 giant spiked club!
You die...
OOO............

#.O..........# .##
#O...o...# ##...
#..OO#..## #....
#....^...###....#.
#....O...#>...##..
#........O<.......
#.......#OO......#
##....#.#.O@......#
#........#.......#.
..............#.....
..............###.#.
....#..........## #
...##...........##
.....#...........#
...$...<...........
.................#.


You could see 3 two-headed ogres, 2 ogre magi, 2 ogres and an orc wizard.

Vanquished Creatures
  Jorgrun (D:13)
  A frost giant (IceCv)
  An orc warlord (Orc:1)
  A deep elf annihilator (D:11)
  A hydra (D:11)
  A vault guard (D:14)
  2 centaur warriors
  An ogre mage (Orc:2)
  5 two-headed ogres
  4 death yaks
  An orc high priest (Orc:1)
  A deep elf knight (Orc:1)
  An unseen horror (D:12)
  2 wizards
  A deep elf mage (Orc:1)
  2 necromancers (D:14)
  A wolf spider zombie (D:12)
  9 ugly things
  An orc knight (D:12)
  7 cyclopes
  4 orc sorcerers (Orc:1)
  An ice statue (IceCv)
  A guardian serpent (D:12)
  4 centaur zombies
  A gargoyle (D:14)
  A komodo dragon (D:14)
  A yaktaur (D:15)
  2 rime drakes (IceCv)
  16 polar bears (IceCv)
  7 trolls
  3 slime creatures (D:12)
  5 hippogriffs
  2 wyverns
  Sigmund (D:6)
  A vampire (D:15)
  30 yaks
  19 humans
  2 steam dragons (D:7)
  A wraith (D:14)
  3 hogs (D:12)
  3 vampire mosquitoes
  2 hungry ghosts
  Menkaure (D:6)
  3 wargs
  An acid dragon (D:12)
  Edmund (D:6)
  4 sky beasts
  20 orc warriors
  3 phantoms
  An ice beast (D:5)
  A black bear (D:6)
  An eye of draining (D:11)
  2 necrophages
  16 wolves (IceCv)
  7 ogres
  4 centaurs
  A crocodile (D:13)
  3 big kobolds
  10 bullfrogs
  2 wyvern zombies
  A water moccasin skeleton (D:8)
  6 scorpions
  A wyvern skeleton (D:12)
  5 killer bees
  5 wights (D:8)
  A howler monkey (D:3)
  5 crimson imps
  2 hounds
  3 quasits
  A jelly (D:10)
  15 orc priests
  20 orc wizards
  2 bullfrog skeletons
  8 centaur skeletons
  6 iguanas
  14 worker ants
  A hound zombie (D:7)
  A howler monkey zombie (D:6)
  A worker ant zombie (D:9)
  15 adders
  A gnoll (D:7)
  4 shadow imps
  3 oozes
  A worm (D:2)
  A dart slug (D:2)
  4 leopard geckos
  55 orcs
  2 ball pythons
  8 bats
  6 giant cockroaches
  11 goblins
  6 hobgoblins
  13 jackals
  7 quokkas
  5 frilled lizards
  16 kobolds
  A quokka skeleton (D:4)
  7 rats
  A foxfire (D:11)
500 creatures vanquished.

Vanquished Creatures (collateral kills)
  An orc warrior (D:12)
1 creature vanquished.

Vanquished Creatures (others)
  1150 foxfires
  9 fulminant prisms
1159 creatures vanquished.

Grand Total: 1660 creatures vanquished

Notes
Turn   | Place    | Note
-------+----------+-------------------------------------------
     0 | D:1      | 15 the Tengu Fire Elementalist began the quest for the Orb.
     0 | D:1      | Reached XP level 1. HP: 10/10 MP: 4/4
   221 | D:1      | Reached XP level 2. HP: 12/15 MP: 6/6
   506 | D:2      | Reached XP level 3. HP: 19/19 MP: 3/7
   535 | D:2      | Learned a level 3 spell: Conjure Flame
  1111 | D:2      | Reached XP level 4. HP: 24/24 MP: 2/8
  1380 | D:2      | Reached skill level 2 in Conjurations
  1680 | D:3      | Gained mutation: You can fly continuously. [Tengu growth]
  1680 | D:3      | Reached XP level 5. HP: 21/28 MP: 7/9
  1732 | D:3      | Found a shattered altar of Ashenzari.
  2105 | D:3      | Reached skill level 3 in Conjurations
  2285 | D:3      | Learned a level 4 spell: Sticky Flame
  2404 | D:4      | Reached skill level 1 in Short Blades
  2480 | D:4      | Reached skill level 1 in Armour
  2480 | D:4      | Reached XP level 6. HP: 24/33 MP: 9/11
  2562 | D:4      | Found a blossoming altar of Fedhas.
  2685 | D:4      | Found a runed translucent door.
  2685 | D:4      | Noticed Foxy's ghost (amateur FoAK)
  3009 | D:4      | Reached skill level 4 in Conjurations
  3009 | D:4      | Reached XP level 7. HP: 37/37 MP: 1/13
  3472 | D:5      | Entered Level 5 of the Dungeon
  3584 | D:5      | Learned a level 5 spell: Fireball
  3930 | D:5      | Reached skill level 5 in Fire Magic
  3948 | D:5      | Reached skill level 1 in Fighting
  3949 | D:5      | Found a bloodstained altar of Trog.
  4041 | D:5      | Reached skill level 5 in Conjurations
  4045 | D:5      | Got an iridescent dagger
  4049 | D:5      | Identified the cursed +1 dagger of Reapportionment {drain,
                  | Int+3} (You found it on level 5 of the Dungeon)
  4066 | D:5      | Reached XP level 8. HP: 34/43 MP: 10/15
  4468 | D:6      | Noticed Menkaure
  4478 | D:5      | Upgraded the game from 0.25-a0-464-g3004169 to
                  | 0.25-a0-469-gd9b0b5b
  4590 | D:6      | Found a staircase to the Ecumenical Temple.
  4890 | D:6      | Reached skill level 5 in Spellcasting
  4921 | D:6      | Reached skill level 6 in Conjurations
  4930 | Temple   | Entered the Ecumenical Temple
  4990 | Temple   | Became a worshipper of Vehumet
  5043 | D:6      | Found a glowing golden altar of the Shining One.
  5310 | D:6      | Killed Menkaure
  5560 | D:6      | Reached skill level 5 in Dodging
  5560 | D:6      | Reached XP level 9. HP: 47/47 MP: 18/18
  5578 | D:6      | Noticed Sigmund
  5612 | D:6      | Reached skill level 7 in Conjurations
  5624 | D:6      | Found a snail-covered altar of Cheibriados.
  5675 | D:6      | Gained mutation: Armour fits poorly on your strangely
                  | shaped body. [potion of mutation]
  5675 | D:6      | Gained mutation: Your flesh is heat resistant. (rF+)
                  | [potion of mutation]
  5675 | D:6      | Gained mutation: Your spells are a little easier to cast,
                  | but a little less powerful. [potion of mutation]
  5675 | D:6      | Gained mutation: You have a somewhat thin skeletal
                  | structure. (Dex +2, Stealth) [potion of mutation]
  5686 | D:6      | Killed Sigmund
  5689 | D:6      | Lost mutation: Armour fits poorly on your strangely shaped
                  | body. [potion of mutation]
  5689 | D:6      | Lost mutation: Your spells are a little easier to cast, but
                  | a little less powerful. [potion of mutation]
  5689 | D:6      | Lost mutation: Your flesh is heat resistant. (rF+) [potion
                  | of mutation]
  5689 | D:6      | Gained mutation: You evolve. [potion of mutation]
  5689 | D:6      | Gained mutation: Your magical capacity is low. (-10% MP)
                  | [potion of mutation]
  5689 | D:6      | Gained mutation: You are resistant to hostile enchantments.
                  | (MR+) [potion of mutation]
  5690 | D:6      | Lost mutation: You are resistant to hostile enchantments.
                  | (MR+) [potion of mutation]
  5690 | D:6      | Lost mutation: You evolve. [potion of mutation]
  5690 | D:6      | Gained mutation: You are partially covered in yellow
                  | scales. (AC +2) [potion of mutation]
  5690 | D:6      | Gained mutation: You possess an exceptional clarity of
                  | mind. [potion of mutation]
  5955 | D:6      | Noticed Edmund
  5969 | D:6      | Killed Edmund
  5969 | D:6      | Reached * piety under Vehumet
  5969 | D:6      | Offered knowledge of Shock by Vehumet.
  5976 | D:6      | Learned a level 1 spell: Shock
  6608 | D:7      | Reached skill level 1 in Air Magic
  6881 | D:7      | Reached skill level 8 in Conjurations
  7809 | D:8      | Noticed a +0 hand axe
  7809 | D:8      | Noticed a +0 dagger
  7825 | D:8      | Found a hide-covered altar of Uskayaw.
  7831 | D:8      | Got a pitted hunting sling
  7832 | D:8      | Identified the cursed +0 hunting sling "Jellyslayer"
                  | {vorpal, *Drain rC+ rN++} (You found it on level 8 of the
                  | Dungeon)
  7861 | D:8      | Found a stormy altar of Qazlal.
  7989 | D:8      | Reached XP level 10. HP: 53/53 MP: 15/19
  7993 | D:8      | Reached skill level 5 in Armour
  8019 | D:8      | Found a hazy altar of Hepliaklqana.
  8409 | D:9      | Noticed a death yak
  8420 | D:9      | Noticed a two-headed ogre
  8437 | D:9      | Killed a two-headed ogre
  8437 | D:9      | Reached skill level 9 in Conjurations
  8524 | D:9      | Noticed a death yak
  8767 | D:9      | Learned a level 3 spell: Mephitic Cloud
  8770 | D:9      | Learned a level 2 spell: Blink
  8785 | D:9      | Learned a level 2 spell: Slow
  8798 | D:9      | Found Zilum's Armour Shop.
  8826 | D:9      | Bought a +3 leather armour of cold resistance for 384 gold
                  | pieces
  8857 | D:9      | Lost mutation: Your magical capacity is low. (-10% MP)
                  | [potion of mutation]
  8857 | D:9      | Lost mutation: You possess an exceptional clarity of mind.
                  | [potion of mutation]
  8857 | D:9      | Lost mutation: You have a somewhat thin skeletal structure.
                  | (Dex +2, Stealth) [potion of mutation]
  8857 | D:9      | Gained mutation: You possess an exceptional clarity of
                  | mind. [potion of mutation]
  8857 | D:9      | Gained mutation: You evolve. [potion of mutation]
  8859 | D:9      | Found a staircase to the Lair.
  8859 | D:9      | Noticed a death yak
  8917 | D:8      | Killed a death yak
  8917 | D:8      | Reached ** piety under Vehumet
  9074 | D:9      | Offered knowledge of Freeze by Vehumet.
  9077 | D:9      | Learned a level 1 spell: Freeze
  9094 | D:9      | Reached skill level 1 in Poison Magic
  9543 | D:8      | Killed a death yak
  9543 | D:8      | Reached XP level 11. HP: 38/57 MP: 4/24
  9691 | D:9      | Reached skill level 10 in Conjurations
  9765 | D:9      | Killed a death yak
 10017 | D:10     | Entered Level 10 of the Dungeon
 10168 | D:10     | Reached skill level 5 in Air Magic
 10382 | D:4      | Gained mutation: You are robust. (+10% HP) [evolution]
 10992 | D:11     | Noticed an eight-headed hydra
 11035 | D:11     | Killed an eight-headed hydra
 11111 | D:11     | Reached skill level 1 in Evocations
 11162 | D:11     | Noticed a deep elf annihilator
 11272 | D:11     | Offered knowledge of Searing Ray by Vehumet.
 11276 | D:11     | Learned a level 2 spell: Searing Ray
 11516 | D:11     | Reached skill level 11 in Conjurations
 11644 | D:11     | Killed a deep elf annihilator
 11772 | D:11     | Found Sugaumir's Gadget Shoppe.
 11787 | D:11     | Reached *** piety under Vehumet
 11834 | D:11     | Found the +3 crown of Dyrovepreva {rElec Int+2 SInv}
 11900 | D:11     | Noticed a wizard
 11906 | D:11     | Killed a wizard
 12066 | D:11     | Noticed a two-headed ogre
 12079 | D:11     | Killed a two-headed ogre
 12435 | D:12     | Noticed a cyclops
 12472 | D:12     | Killed a cyclops
 12497 | D:12     | Noticed a cyan ugly thing
 12498 | D:12     | Found a frozen archway.
 12533 | D:12     | Killed a cyan ugly thing
 12533 | D:12     | Reached XP level 12. HP: 55/68 MP: 13/26
 12575 | IceCv    | Entered an ice cave
 12597 | IceCv    | Offered knowledge of Airstrike by Vehumet.
 12639 | IceCv    | Learned a level 4 spell: Airstrike
 12642 | IceCv    | Learned a level 2 spell: Sticks to Snakes
 13036 | IceCv    | Reached skill level 1 in Hexes
 13091 | IceCv    | Reached skill level 10 in Spellcasting
 13230 | IceCv    | Reached **** piety under Vehumet
 13480 | IceCv    | Reached skill level 12 in Conjurations
 13499 | IceCv    | Offered knowledge of Lee's Rapid Deconstruction by Vehumet.
 13835 | IceCv    | Noticed a death yak
 13864 | IceCv    | Noticed a frost giant
 13872 | IceCv    | Killed a frost giant
 14111 | IceCv    | Killed a death yak
 14111 | IceCv    | Reached XP level 13. HP: 58/73 MP: 16/28
 14559 | D:12     | Found a staircase to the Orcish Mines.
 14597 | D:12     | Found a roughly hewn altar of Beogh.
 14703 | D:12     | Found Huoda's Jewellery Shop.
 14993 | D:12     | Found a burning altar of Makhleb.
 15097 | D:12     | Learned a level 1 spell: Beastly Appendage
 15204 | D:12     | Reached skill level 13 in Conjurations
 15359 | D:12     | Reached ***** piety under Vehumet
 15361 | D:12     | Offered knowledge of Fulminant Prism by Vehumet.
 15694 | D:12     | Bought an uncursed ring of resist corrosion for 320 gold
                  | pieces
 15764 | D:12     | Found a runed translucent door.
 15764 | D:12     | Noticed a frost giant
 15765 | D:12     | Noticed a storm dragon
 15765 | D:12     | Found a runed translucent door.
 15766 | D:12     | Found a runed translucent door.
 15939 | Orc:1    | Entered Level 1 of the Orcish Mines
 16040 | D:13     | Noticed Jorgrun
 18159 | Orc:1    | Reached skill level 5 in Evocations
 18283 | D:13     | Killed Jorgrun
 18312 | D:13     | Learned a level 4 spell: Fulminant Prism
 18874 | D:14     | Reached XP level 14. HP: 79/79 MP: 17/30
 19044 | D:14     | Found an opulent altar of Gozag.
 19355 | D:14     | Offered knowledge of Lightning Bolt by Vehumet.
 19656 | D:14     | Found a gate to the Vaults.
 19692 | D:15     | Entered Level 15 of the Dungeon
 20399 | D:15     | Reached skill level 14 in Conjurations
 20645 | D:15     | Noticed a frost giant
 21033 | D:15     | Found a staircase to the Depths.
 21905 | D:12     | Gained mutation: You are very robust. (+20% HP) [evolution]
 22095 | Orc:1    | Paralysed by an orc sorcerer for 5 turns
 22472 | Orc:1    | Identified the +1 scimitar of Execution {vamp, rElec rN+
                  | Str+2}
 22596 | Orc:1    | Noticed an orc warlord
 22657 | Orc:1    | Killed an orc warlord
 22871 | Orc:1    | Upgraded the game from 0.25-a0-469-gd9b0b5b to
                  | 0.25-a0-474-ga8a2ee3
 23040 | Orc:2    | Entered Level 2 of the Orcish Mines
 23046 | Orc:2    | Found a staircase to the Elven Halls.
 23056 | Orc:1    | Found a roughly hewn altar of Beogh.
 23145 | Orc:2    | Paralysed by an ogre mage for 7 turns
 23148 | Orc:2    | Slain by a two-headed ogre

Levels and vault maps discovered:
D:1:      dpeg_arrival_orchard, layout_basic
D:2:      kennysheep_six_static_rooms, layout_basic
D:3:      layout_loops_corners, cheibrodos_ashenzari_chains
D:4:      layout_loops_cross, kennysheep_little_box,
          hellmonk_ghost_happy_afterlife
D:5:      layout_basic, kennysheep_mini, first_ration
D:6:      layout_basic, slow_altar_2, old_standard_altar, temple_fountains,
          serial_bayou_pond_d, uniq_sigmund, uniq_edmund, uniq_menkaure
D:7:      cheibrodos_steamvent, layout_layer_cave, minmay_alternating_orb
D:8:      layout_rooms, dancing_weapons_uskayaw, grunt_qazlal_sundering,
          kennysheep_mini_moat
D:9:      layout_gridville, dpeg_lair_monsters, serial_shops, shop_fountains
D:10:     layout_irregular_city
D:11:     cheibrodos_wizards_tower, layout_cave_pods, serial_shops,
          nicolae_shop_window_shopping
D:12:     minmay_the_grid_triangle_9x9_rhombus_full
          [minmay_the_grid_triangle_9x9_shrine,
          minmay_the_grid_triangle_9x9_limited_checkers,
          minmay_the_grid_triangle_9x9_semitri,
          minmay_the_grid_triangle_9x9_flanged_cone,
          minmay_the_grid_triangle_9x9_fully_insulated_deathbox,
          minmay_the_grid_triangle_9x9_sprig,
          minmay_the_grid_triangle_9x9_dagger,
          minmay_the_grid_triangle_9x9_prize_schism], layout_basic,
          minmay_orc_entry_temple_small, serial_shops, nicolae_shop_crystal,
          portal_ice_cave_entry_pillars_2, grunt_livestock,
          fake_guardian_serpent_vault
D:13:     layout_basic, uniq_jorgrun
D:14:     layout_big_octagon, grunt_vaults_entry_tiered, lemuel_crystal_altar
D:15:     grunt_enter_depths_snipers, layout_loops_ring,
          hangedman_decor_clover_reticule
Temple:   zaba_magenta_temple
Orc:1:    layout_caves, basic_altar, elf_legates
Orc:2:    st_orc_ogre_mass, layout_caves, minmay_orc_treasury

Skill      XL: |  1  2  3  4  5  6  7  8  9 10 11 12 13 14 |
---------------+-------------------------------------------+-----
Fire Magic     | 4 5 6 7 8 9 |  9.3
Dodging        | 3 4 5 6 7 8 9 |  9.8
Conjurations   | 2 3 4 5 6 8 9 11 12 13 14 | 14.5
Short Blades   | 1 2 3 |  3.5
Armour         | 1 2 3 4 5 6 7 8 9 |  9.3
Spellcasting   | 3 4 5 6 8 9 10 11 12 | 12.6
Fighting       | 1 2 3 |  3.7
Stealth        | 3 4 |  4.0
Air Magic      | 2 4 5 7 8 9 |  9.3
Poison Magic   | 1 2 |  2.0
Evocations     | 2 3 5 |  5.9
Hexes          | 1 |  1.7
Translocations | |  0.2

Action                   |  1- 3 |  4- 6 |  7- 9 | 10-12 | 13-15 || total
-------------------------+-------+-------+-------+-------+-------++-------
Melee: Unarmed           |     9 |       |       |       |       ||     9
       Dagger            |    33 |    57 |   147 |   149 |   126 ||   512
       Kick              |    10 |     8 |    40 |    50 |    42 ||   150
       Peck              |     2 |    11 |    24 |    24 |    30 ||    91
       Headbutt          |       |       |       |       |     4 ||     4
 Cast: Foxfire           |    46 |    69 |   230 |   326 |   141 ||   812
       Conjure Flame     |       |     2 |    12 |    39 |    28 ||    81
       Sticky Flame      |       |     1 |    10 |    16 |    16 ||    43
       Shock             |       |       |     7 |    30 |     5 ||    42
       Mephitic Cloud    |       |       |       |    35 |    69 ||   104
       Fireball          |       |       |       |    80 |   128 ||   208
       Slow              |       |       |       |    16 |    42 ||    58
       Searing Ray       |       |       |       |     9 |    47 ||    56
       Airstrike         |       |       |       |     6 |    87 ||    93
       Blink             |       |       |       |       |    21 ||    21
       Beastly Appendage |       |       |       |       |     3 ||     3
       Sticks to Snakes  |       |       |       |       |     2 ||     2
       Freeze            |       |       |       |       |     1 ||     1
       Fulminant Prism   |       |       |       |       |     9 ||     9
 Abil: Fly               |       |     1 |       |       |       ||     1
Evoke: Wand              |       |       |     8 |     3 |       ||    11
       Fan of gales      |       |       |       |       |     1 ||     1
  Use: Scroll            |     1 |     6 |     6 |     9 |    19 ||    41
       Potion            |       |       |     7 |     2 |     7 ||    16
 Stab: Sleeping          |     5 |       |     1 |     1 |     1 ||     8
       Paralysed         |       |       |     2 |       |       ||     2
       Confused          |       |       |       |     1 |     8 ||     9
       Distracted        |       |       |       |     1 |       ||     1
  Eat: Chunk             |     1 |     7 |    17 |    17 |    21 ||    63
       Ration            |       |       |       |     5 |     6 ||    11
Armor: Robe              |    10 |     7 |    16 |     4 |    21 ||    58
       Leather armour    |       |       |       |    34 |    24 ||    58
Dodge: Dodged            |    30 |    31 |   113 |   154 |   184 ||   512

Table legend:
 A = Non-vault XP
 B = Vault XP
 C = Vault XP percentage of total XP
 D = Non-vault monster count
 E = Vault monster count
 F = Vault count percentage of total count
                 A         B        C        D         E       F
            +---------+---------+-------+---------+---------+-------
      Total |   37835 |   42430 |  52.9 |     353 |     147 |  29.4
            +---------+---------+-------+---------+---------+-------
        D:1 |      19 |       0 |   0.0 |      13 |       0 |   0.0
        D:2 |      91 |      28 |  23.5 |      22 |       6 |  21.4
        D:3 |     141 |       0 |   0.0 |      18 |       0 |   0.0
        D:4 |     527 |       0 |   0.0 |      20 |       0 |   0.0
        D:5 |     731 |       0 |   0.0 |      22 |       0 |   0.0
        D:6 |    1047 |     544 |  34.2 |      31 |       3 |   8.8
        D:7 |     187 |     938 |  83.4 |       4 |      14 |  77.8
        D:8 |     634 |    1740 |  73.3 |      12 |       2 |  14.3
        D:9 |    2359 |    1699 |  41.9 |      19 |       5 |  20.8
       D:10 |    1447 |       0 |   0.0 |      13 |       0 |   0.0
       D:11 |    4238 |    1934 |  31.3 |      29 |       2 |   6.5
       D:12 |    8325 |    2910 |  25.9 |      35 |      22 |  38.6
       D:13 |    4022 |    2804 |  41.1 |      15 |       1 |   6.2
       D:14 |    5188 |    6632 |  56.1 |      34 |      24 |  41.4
       D:15 |    5355 |    1323 |  19.8 |      20 |       2 |   9.1
      Orc:1 |    3524 |    5840 |  62.4 |      46 |      10 |  17.9
      Orc:2 |       0 |    2803 | 100.0 |       0 |       4 | 100.0
      IceCv |       0 |   13235 | 100.0 |       0 |      52 | 100.0
            +---------+---------+-------+---------+---------+-------
